 Dungeon Crawl Stone Soup version 0.27.1 (webtiles) character file.

Game seed: 12580863987619650825

5958 pkoi the Grappler (level 10, -2/96 HPs)
             Began as a Troll Monk on Aug 23, 2021.
             Was a High Priest of Nemelex Xobeh.
             Slain by a killer bee (3 damage)
             ... on level 9 of the Dungeon.
             The game lasted 00:09:21 (6812 turns).

pkoi the Grappler (Troll Monk)                      Turns: 6812, Time: 00:09:23

Health: -2/96      AC:  4    Str: 24    XL:     10   Next: 54%
Magic:  15/15      EV: 12    Int:  6    God:    Nemelex Xobeh [*****.]
Gold:   466        SH:  0    Dex: 12    Spells: 9/9 levels left

rFire    . . .     SeeInvis .     - Unarmed
rCold    + . .     Faith    .   (no shield)
rNeg     . . .     Spirit   .   g - +0 robe {rC+}
rPois    .         Reflect  .   (helmet restricted)
rElec    .         Harm     .   (no cloak)
rCorr    .         Rampage  .   (gloves unavailable)
Will     .....                  (boots unavailable)
Stlth    ++........             (no amulet)
HPRegen  1.26/turn              (no ring)
MPRegen  0.14/turn              (no ring)

@: brilliant
A: large, unfitting armour, claws 3, regeneration 1, shaggy fur 1, tough skin 1
a: Renounce Religion, Draw Escape, Draw Destruction, Draw Summoning, Triple
Draw, Deal Four, Stack Five


You were on level 9 of the Dungeon.
You worshipped Nemelex Xobeh.
Nemelex Xobeh was extremely pleased with you.
You visited 2 branches of the dungeon, and saw 10 of its levels.

You collected 466 gold pieces.

Inventory:

Missiles
 e - 4 javelins (quivered)
 f - 15 poisoned darts
Armour
 a - a +0 robe
 g - a +0 robe of cold resistance (worn)
Jewellery
 k - a ring of ice
Wands
 c - a wand of flame (23)
Scrolls
 h - a scroll of blinking
 j - 4 scrolls of teleportation
 p - 2 scrolls of magic mapping
 q - a scroll of enchant weapon
 r - a scroll of amnesia
Potions
 b - 3 potions of curing
 d - a potion of ambrosia {unknown}
 i - a potion of cancellation
 l - a potion of might
 m - a potion of magic
 s - a potion of brilliance


   Skills:
 + Level 5.0 Fighting
 + Level 6.5 Dodging
 - Level 1.0 Stealth
 * Level 10.1 Unarmed Combat
 * Level 8.2 Invocations


You had 9 spell levels left.
You didn't know any spells.
Your spell library contained the following spells:

 Spells                   Type           Power      Damage    Failure   Level
 Animate Skeleton         Necr           0%         N/A       45%         1
 Corona                   Hex            0%         N/A       45%         1
 Pain                     Necr           0%         1d4       45%         1
 Ensorcelled Hibernation  Hex/Ice        0%         N/A       58%         2
 Ignite Poison            Fire/Tmut/Pois 0%         N/A       83%         3
 Mephitic Cloud           Conj/Pois/Air  0%         N/A       83%         3
 Stone Arrow              Conj/Erth      0%         3d7       83%         3
 Tukima's Dance           Hex            0%         N/A       83%         3
 Vampiric Draining        Necr           0%         2d6       83%         3
 Blade Hands              Tmut           0%         N/A       100%        5
 Bolt of Magma            Conj/Fire/Erth 0%         4d4       100%        5
 Irradiate                Conj/Tmut      0%         3d14      100%        5
 Dragon Form              Tmut           0%         N/A       100%        7
 Shatter                  Erth           0%         3d5*      100%        9


Dungeon Overview and Level Annotations

Branches:
Dungeon (9/15)             Temple (1/1) D:4            Lair (0/6) D:8
    Orc: D:9-12

Altars:
Ashenzari
Cheibriados
Dithmenos
Elyvilon
Fedhas
Gozag
Hepliaklqana
Kikubaaqudgha
Makhleb
Nemelex Xobeh
Okawaru
Qazlal
Ru
Sif Muna
Trog
Uskayaw
Vehumet
Wu Jian
Xom
Yredelemnul
Zin
The Shining One

Shops:
D:1 :


Innate Abilities, Weirdness & Mutations

You are too large for most types of armour.
You have claws for hands.
Your natural rate of healing is unusually fast.
You are covered in fur. (AC +1)
You have tough skin. (AC +1)


Message History

You catch the helpless killer bee completely off-guard!
You scratch the killer bee.
The killer bee is almost dead.
You feel very sick. The killer bee stings you.
* * * LOW HITPOINT WARNING * * *
The killer bee stings you.
* * * LOW HITPOINT WARNING * * *
The killer bee stings you.
* * * LOW HITPOINT WARNING * * *
Pkoi's illusion barely misses the killer bee.
You draw a card...
You have drawn the Tomb.
Walls emerge from the floor!
You feel very sick. The killer bee stings you.
* * * LOW HITPOINT WARNING * * *
You are lethally poisoned!
The killer bee poisons you! The killer bee stings you.
* * * LOW HITPOINT WARNING * * *
The killer bee barely misses you. The killer bee stings you.
* * * LOW HITPOINT WARNING * * *
You are more poisoned.
The killer bee poisons you! The killer bee misses you.
The killer bee closely misses you.
You feel better.
The killer bee stings you but does no damage.
The killer bee barely misses you. The killer bee stings you.
* * * LOW HITPOINT WARNING * * *
The killer bee misses you. The killer bee stings you.
* * * LOW HITPOINT WARNING * * *
The killer bee stings you.
* * * LOW HITPOINT WARNING * * *
Pkoi's illusion closely misses the killer bee.
It was a potion of brilliance.
You feel clever all of a sudden. The killer bee stings you.
* * * LOW HITPOINT WARNING * * *
The killer bee closely misses you. The killer bee misses you.
The killer bee stings you.
You die...
Your body glows slightly and disappears.

#.##...# #...(.......#
#.##...# ############# ##
#.##...# #......# . #.
#.##...# #......# .y #.
#)###### #......# ... #.
#.# #######......# .... #.
#†#####............###.....
#.
.>....'........###.'''.....
+.
..#.###........#@y.........
#. ..#.#
#.......@yy#......... #.
..#.# #######..............
## #.#.# #.............. #
+.#.# #..........†... ####
###.# #.............. #...
#.. #.............. #.##
### #######........ # #


You could see 3 killer bees and the friendly pkoi's illusion (summoned, very
poisoned).

Vanquished Creatures
  Pikel (D:4)
  A water nymph (D:8)
  Joseph (D:7)
  Sigmund (D:4)
  A shadow (D:6)
  Eustachio (D:4)
  Grum (D:9)
  An acid dragon (D:9)
  A water moccasin (D:5)
  2 orc warriors (D:8)
  An ice beast (D:6)
  3 sky beasts
  A black bear (D:6)
  3 necrophages
  2 ogres
  A hornet zombie (D:7)
  9 centaurs
  4 wolves (D:9)
  A phantom (D:7)
  A lemure (D:4)
  A kobold brigand (D:8)
  4 bullfrogs
  2 wyvern zombies (D:8)
  A scorpion (D:5)
  9 killer bees
  2 centaur zombies (D:8)
  A gnoll shaman (D:8)
  4 hounds
  4 centaur skeletons
  Jessica (D:2)
  A scorpion zombie (D:5)
  4 iguanas
  2 orc wizards (D:8)
  11 gnolls
  7 adders
  A river rat (D:5)
  A shadow imp (D:6)
  A white imp (D:5)
  An ufetubus (D:6)
  2 worms (D:2)
  3 dart slugs
  17 orcs
  13 ball pythons
  7 bats
  6 endoplasms
  13 hobgoblins
  3 jackals (D:1)
  6 kobolds
  6 quokkas
  5 frilled lizards
  3 goblins
  3 rats
182 creatures vanquished.

Vanquished Creatures (collateral kills)
  2 bullfrogs (D:8)
  3 killer bees (D:8)
5 creatures vanquished.

Grand Total: 187 creatures vanquished

Notes
Turn   | Place    | Note
-------+----------+-------------------------------------------
     0 | D:1      | pkoi the Troll Monk began the quest for the Orb.
     0 | D:1      | Reached XP level 1. HP: 22/22 MP: 0/0
    90 | D:1      | Found Esakucseegi's Book Shop.
   124 | D:1      | Reached XP level 2. HP: 29/29 MP: 1/1
   330 | D:1      | Reached skill level 4 in Unarmed Combat
   823 | D:2      | Reached XP level 3. HP: 36/36 MP: 2/2
   869 | D:2      | Found a sparkling altar of Nemelex Xobeh.
   877 | D:2      | Noticed Jessica
   880 | D:2      | Killed Jessica
   907 | D:2      | Became a worshipper of Nemelex Xobeh the Trickster
   907 | D:2      | Reached * piety under Nemelex Xobeh
   907 | D:2      | Received a gift from Nemelex Xobeh
   907 | D:2      | Reached ** piety under Nemelex Xobeh
   942 | D:2      | Found a faded altar of an unknown god.
  1038 | D:2      | Reached XP level 4. HP: 44/44 MP: 3/3
  1572 | D:3      | Reached skill level 1 in Invocations
  1995 | D:4      | Received a gift from Nemelex Xobeh
  2166 | D:4      | Found a glowing golden altar of the Shining One.
  2243 | D:4      | Noticed a necrophage
  2254 | D:4      | Killed a necrophage
  2255 | D:4      | Reached skill level 5 in Unarmed Combat
  2255 | D:4      | Reached XP level 5. HP: 39/50 MP: 3/5
  2352 | D:4      | Noticed Pikel
  2352 | D:4      | Noticed a lemure
  2352 | D:4      | Noticed a lemure
  2352 | D:4      | Noticed a lemure
  2352 | D:4      | Noticed a lemure
  2359 | D:4      | Killed a lemure
  2372 | D:4      | Killed Pikel
  2373 | D:4      | Reached skill level 6 in Unarmed Combat
  2373 | D:4      | Reached XP level 6. HP: 16/59 MP: 5/7
  2373 | D:4      | Reached XP level 7. HP: 18/66 MP: 5/8
  2557 | D:4      | Identified the +10 short sword of Ruination {vamp, *Rage
                  | Fragile rN+++ rCorr}
  2615 | D:4      | Found a staircase to the Ecumenical Temple.
  2621 | D:4      | Noticed Sigmund
  2637 | D:4      | Killed Sigmund
  2657 | D:4      | Noticed Eustachio
  2659 | D:4      | Noticed Edmund
  2679 | D:4      | Noticed Edmund
  2679 | D:4      | Edmund changed into Edmund the iguana
  2687 | D:4      | Killed Edmund the iguana
  2699 | D:4      | Killed Eustachio
  2700 | D:4      | Reached XP level 8. HP: 73/74 MP: 8/10
  2722 | Temple   | Entered the Ecumenical Temple
  3033 | D:4      | Reached *** piety under Nemelex Xobeh
  3294 | D:5      | Entered Level 5 of the Dungeon
  3391 | D:5      | Reached skill level 7 in Unarmed Combat
  3650 | D:5      | Reached skill level 5 in Dodging
  3737 | D:5      | Received a gift from Nemelex Xobeh
  3751 | D:5      | Reached skill level 5 in Invocations
  4127 | D:5      | Received a gift from Nemelex Xobeh
  4418 | D:6      | Reached skill level 8 in Unarmed Combat
  4418 | D:6      | Reached XP level 9. HP: 58/83 MP: 12/12
  4793 | D:6      | Received a gift from Nemelex Xobeh
  4809 | D:6      | Reached **** piety under Nemelex Xobeh
  5267 | D:7      | Received a gift from Nemelex Xobeh
  5271 | D:7      | Noticed Joseph
  5275 | D:7      | Killed Joseph
  5276 | D:7      | Reached skill level 9 in Unarmed Combat
  5727 | D:7      | Identified the +0 pair of boots of the Pits of Slime
                  | {Dex+4}
  5994 | D:8      | Noticed a two-headed ogre
  5998 | D:8      | Noticed a water nymph
  5998 | D:8      | a two-headed ogre changed into a water nymph
  5999 | D:8      | Killed a water nymph
  6000 | D:8      | Reached XP level 10. HP: 94/94 MP: 14/14
  6219 | D:8      | Found a staircase to the Lair.
  6249 | D:8      | Reached ***** piety under Nemelex Xobeh
  6704 | D:9      | Received a gift from Nemelex Xobeh
  6708 | D:9      | Noticed Grum
  6725 | D:9      | Reached skill level 10 in Unarmed Combat
  6727 | D:9      | Reached skill level 5 in Fighting
  6730 | D:9      | Killed Grum
  6810 | D:9      | HP: 4/96 [killer bee (4)]
  6812 | D:9      | HP: 1/96 [killer bee (4)]
  6812 | D:9      | Slain by a killer bee

Illustrated notes

Levels and vault maps discovered:
D:1:      lemuel_arrival_river_ford, layout_loops_ring, serial_shops, shop
D:2:      layout_loops_corners, basic_altar, ebering_ecumenical_altar_webs,
          uniq_jessica
D:3:      layout_rooms
D:4:      layout_loops_corners, tso_metal_star, minmay_temple_entry_slanted,
          uniq_sigmund, uniq_eustachio, uniq_pikel, uniq_edmund
D:5:      layout_loops_ring
D:6:      layout_loops_cross, serial_glass, glass_columns_a, glass_columns_b
D:7:      layout_loops_ring, uniq_joseph
D:8:      cheibrodos_barr_body, layout_basic, dpeg_oklobed_lair
D:9:      layout_basic, biasface_ghost_orc_armoury, grunt_ogre_cave, uniq_grum
Temple:   nicolae_temple_the_god_donut

Skill      XL: |  1  2  3  4  5  6  7  8  9 10 |
---------------+-------------------------------+-----
Unarmed Combat | 4 5 6 8 9 10 | 10.1
Invocations    | 1 3 4 5 7 8 |  8.2
Dodging        | 3 4 5 6 |  6.5
Fighting       | 3 4 5 |  5.0
Stealth        | |  1.0

Action                   |  1- 3 |  4- 6 |  7- 9 | 10-12 || total
-------------------------+-------+-------+-------+-------++-------
Melee: Unarmed           |    70 |    95 |   253 |    76 ||   494
       Punch             |     1 |     1 |    10 |     2 ||    14
Invok: Draw Destruction  |       |     2 |    19 |     6 ||    27
       Draw Escape       |       |     1 |     2 |     1 ||     4
       Draw Summoning    |       |       |       |     2 ||     2
  Use: Scroll            |       |     9 |     8 |     3 ||    20
       Potion            |       |       |       |     2 ||     2
 Stab: Sleeping          |     4 |     2 |     4 |       ||    10
       Distracted        |       |       |       |     1 ||     1
Armor: Robe              |    25 |    20 |    59 |    33 ||   137
Dodge: Dodged            |    40 |    40 |   152 |    89 ||   321
